cohdb
Replays
Latest Replays
All Replays
Popular Replays
Top Player Replays
Match Explorer
How It Works
Community
CoH3 Stats
Reddit
Sign in to upload your games and track your stats! →
Sign in with Steam
Match 45632142
Unlisted
Match 45632142
Overview
Messages
Build Orders
End
Construct Section Command Post
Selects Australian Defense Battlegroup
Selects Australian Defense Battlegroup
ML 3-inch Mortar Team
Dingo Light Scout Car
Infantry Section
Infantry Section
Construct Platoon Command Post
ML 3-inch Mortar Team
ML 3-inch Mortar Team
Kys-tier rat
Mercenary
potatoo
Iron_Sarge69
Max Emotional Damage
BAEK
0
0
Comments
sign in to comment!
No comments posted yet!